 Dungeon Crawl Stone Soup version 0.28-a0-697-g47f3eba078 (webtiles) character file.

Game seed: 15711246046972538186

1467 BlueGoblin the Destroyer (level 8, -6/46 HPs)
             Began as an Octopode Conjurer on Oct 23, 2021.
             Was an Initiate of Gozag.
             Mangled by Joseph (10 damage)
             ... on level 7 of the Dungeon.
             The game lasted 00:17:36 (11099 turns).

BlueGoblin the Destroyer (Octopode Conjurer)       Turns: 11099, Time: 00:17:37

Health: -6/46      AC:  1    Str:  6    XL:     8   Next: 77%
Magic:  1/16       EV: 13    Int: 23    God:    Gozag
Gold:   424        SH:  0    Dex: 10    Spells: 8/18 levels left

rFire   . . .      SeeInvis .   c - +0 dagger (freeze)
rCold   . . .      Faith    .   (no shield)
rNeg    . . .      Spirit   .   (helmet restricted)
rPois   .          Reflect  .   (no amulet)
rElec   .          Harm     .   (no ring)
rCorr   .          Rampage  .   (no ring)
Will    .....                   (no ring)
Stlth   ++++......              (no ring)
HPRegen 0.15/turn               (no ring)
MPRegen 0.15/turn               (no ring)
                                (no ring)
                                (no ring)

@: no status effects
A: almost no armour, amphibious, 8 rings, camouflage 1, gelatinous body 1,
(nimble swimmer 1), tentacles
a: Renounce Religion, Potion Petition, Call Merchant, Bribe Branch


You were on level 7 of the Dungeon.
You worshipped Gozag.
Gozag was aware of your devotion.
You visited 2 branches of the dungeon, and saw 8 of its levels.

You collected 474 gold pieces.
You paid 50 gold pieces to Gozag.

Inventory:

Hand Weapons
 c - a +0 dagger of freezing (weapon)
Missiles
 d - 37 poisoned darts (quivered)
Wands
 g - a wand of mindburst (7)
 k - a wand of acid (2)
 l - a wand of digging (2)
Scrolls
 e - a scroll of blinking
 f - a scroll of teleportation
 h - a scroll of brand weapon
 i - a scroll of amnesia
 m - a scroll of fear
Potions
 a - a potion of magic {unknown}
 b - a potion of heal wounds {unknown}
 j - a potion of curing
 n - a potion of ambrosia
 o - a potion of flight {unknown}
 p - a potion of haste {unknown}


   Skills:
 + Level 3.9 Dodging
 + Level 6.0 Stealth
 + Level 5.8 Spellcasting
 + Level 8.1 Conjurations


You had 8 spell levels left.
You knew the following spells:

 Your Spells              Type           Power      Damage    Failure   Level
a - Searing Ray           Conj           88%        2d7       1%          2
b - Fulminant Prism       Conj/Hex       12%        3d9       16%         4
c - Iskenderun's Mystic   Conj/Tloc      25%        2d7       16%         4

Your spell library contained the following spells:

 Spells                   Type           Power      Damage    Failure   Level
 Magic Dart               Conj           100%       1d8       1%          1
 Dazzling Flash           Conj/Hex       50%        N/A       4%          3
 Beastly Appendage        Tmut           12%        N/A       9%          1
 Summon Small Mammal      Summ           24%        N/A       9%          1
 Mephitic Cloud           Conj/Pois/Air  19%        N/A       9%          3
 Call Imp                 Summ           6%         N/A       13%         2
 Wereblood                Tmut           6%         N/A       13%         2
 Call Canine Familiar     Summ           6%         N/A       26%         3
 Ignite Poison            Fire/Tmut/Pois 6%         N/A       26%         3
 Spider Form              Tmut/Pois      3%         N/A       26%         3
 Summon Guardian Golem    Hex/Summ       6%         N/A       26%         3
 Freezing Cloud           Conj/Ice/Air   9%         6-21      61%         5
 Summon Forest            Summ/Tloc      3%         N/A       94%         5
 Summon Mana Viper        Hex/Summ       6%         N/A       94%         5
 Summon Cactus Giant      Summ           3%         N/A       100%        6


Dungeon Overview and Level Annotations

Branches:
Dungeon (7/15)             Temple (1/1) D:4

Altars:
Ashenzari
Cheibriados
Elyvilon
Fedhas
Gozag
Hepliaklqana
Kikubaaqudgha
Makhleb
Nemelex Xobeh
Okawaru
Qazlal
Ru
Sif Muna
Trog
Uskayaw
Xom
Yredelemnul

Annotations:
D:7 Joseph


Innate Abilities, Weirdness & Mutations

You cannot wear most types of armour.
You are amphibious.
You can wear up to eight rings at the same time.
Your skin changes colour to match your surroundings (Stealth+).
Your rubbery body absorbs attacks. (AC +1, EV +1)
((You are camouflaged near water. (Stealth+)))
You have tentacles for arms and can constrict up to eight enemies at once.


Message History

Joseph is knocked back by the mystic blast.
Joseph slams into the rock wall!
Casting: Iskenderun's Mystic Blast (quite dangerous; 16% risk of failure)
Confirm with . or Enter, or press ? or * to list all spells.
The spell is quite dangerous to cast (16% risk of failure)!
Continue anyway?
You erupt in a blast of force!
The mystic blast hits Joseph.
Joseph is severely wounded.
Joseph is knocked back by the mystic blast.
Joseph slams into the rock wall!
Joseph unwields a +0 hunting sling.
Joseph wields a +0 quarterstaff.
Joseph closely misses you.
You hit Joseph but do no damage. Your grab misses Joseph.
Joseph is severely wounded.
Joseph hits you with a +0 quarterstaff!
You hit Joseph but do no damage. You grab Joseph.
Joseph is severely wounded.
You constrict Joseph, but do no damage. Joseph hits you with a +0 quarterstaff!
* * * LOW HITPOINT WARNING * * *
You hit Joseph but do no damage. You squeeze Joseph.
Joseph is severely wounded.
You constrict Joseph, but do no damage. Joseph closely misses you.
You hit Joseph. You freeze Joseph.
Joseph is severely wounded.
You constrict Joseph. Joseph hits you with a +0 quarterstaff!
* * * LOW HITPOINT WARNING * * *
You completely miss Joseph. You squeeze Joseph.
Joseph is almost dead.
You constrict Joseph. Joseph closely misses you.
You hit Joseph but do no damage.
Joseph is almost dead.
You constrict Joseph, but do no damage. Joseph closely misses you.
You hit Joseph but do no damage.
Joseph is almost dead.
You constrict Joseph. Joseph says, "I'm happy to see you.
And I'll be happy to kill you." Joseph closely misses you.
You hit Joseph but do no damage.
Joseph is almost dead.
You constrict Joseph. Joseph hits you with a +0 quarterstaff!
You die...
Your body crumbles into a pile of gold.

#......# #......# #.##.#.#
#......# #.##.#.#
#......## #.##.#.#
#.......#
#.##.#.####....#...
########...>....#......#
#.......###..###.##.......
#######.###.....@..# #.#
#.....#
#.......###.#.##@..# #.#
.#.###
#.####..##.....#......#.
.#.#
....##..##..#..#.######. .
# #.#.........#..... ## .
#.####.......>...##
#.####.#####.#....#
#......# #.....# ########
#.##.# ## .#


You could see Joseph.

Vanquished Creatures
  Sigmund (D:3)
  3 black bears
  3 centaurs (D:6)
  A phantom (D:5)
  2 scorpions
  A howler monkey (D:4)
  4 hounds
  An orc priest (D:4)
  2 bullfrog skeletons
  A centaur skeleton (D:6)
  An iguana (D:4)
  An orc wizard (D:4)
  A hound zombie (D:3)
  Robin (D:3)
  5 gnolls
  6 adders
  3 river rats (D:3)
  A white imp (D:5)
  An ufetubus (D:7)
  A worm (D:5)
  4 dart slugs
  6 orcs
  9 endoplasms
  5 giant cockroaches
  13 goblins
  10 hobgoblins
  5 jackals (D:3)
  2 quokkas
  10 ball pythons
  6 bats
  2 frilled lizards
  8 kobolds
  3 rats
123 creatures vanquished.

Vanquished Creatures (others)
  A fungus (D:3)
  A plant (D:3)
2 creatures vanquished.

Grand Total: 125 creatures vanquished

Notes
Turn   | Place    | Note
-------+----------+-------------------------------------------
     0 | D:1      | BlueGoblin the Octopode Conjurer began the quest for the
                  | Orb.
     0 | D:1      | Reached XP level 1. HP: 11/11 MP: 3/3
   286 | D:1      | Reached XP level 2. HP: 17/17 MP: 3/5
   888 | D:1      | Reached XP level 3. HP: 21/21 MP: 4/6
  1067 | D:1      | Learned a level 2 spell: Searing Ray
  1587 | D:2      | Reached skill level 5 in Conjurations
  1956 | D:2      | Reached XP level 4. HP: 27/27 MP: 4/7
  2325 | D:3      | Noticed Robin
  2332 | D:3      | Killed Robin
  2648 | D:3      | Noticed Sigmund
  2654 | D:3      | Killed Sigmund
  2655 | D:3      | Reached skill level 6 in Conjurations
  2655 | D:3      | Reached XP level 5. HP: 31/31 MP: 6/10
  2655 | D:3      | Reached XP level 6. HP: 36/36 MP: 6/11
  2886 | D:3      | Found a faded altar of an unknown god.
  3833 | D:4      | Noticed a black bear
  4022 | D:4      | Found an ancient bone altar of Kikubaaqudgha.
  4086 | D:4      | Killed a black bear
  4087 | D:4      | Reached XP level 7. HP: 19/41 MP: 2/12
  4537 | D:4      | Reached skill level 7 in Conjurations
  5335 | D:4      | Found a staircase to the Ecumenical Temple.
  5341 | Temple   | Entered the Ecumenical Temple
  5562 | Temple   | Became a worshipper of Gozag Ym Sagoz the Greedy
  5691 | D:5      | Entered Level 5 of the Dungeon
  6360 | D:5      | Reached skill level 5 in Stealth
  6360 | D:5      | Reached XP level 8. HP: 19/46 MP: 7/15
  6621 | D:5      | Reached skill level 5 in Spellcasting
  7602 | D:6      | Found a shimmering blue altar of Sif Muna.
  7898 | D:6      | Reached skill level 8 in Conjurations
  8453 | D:6      | Learned a level 4 spell: Fulminant Prism
  8458 | D:6      | Learned a level 4 spell: Iskenderun's Mystic Blast
  8770 | D:7      | Noticed Joseph
 11099 | D:7      | Mangled by Joseph

Illustrated notes

Levels and vault maps discovered:
D:1:      lightli_iron_boxes, layout_basic
D:2:      layout_loops_ring, st_stairs_11, corexii_hall_statues_x
D:3:      layout_rooms, shapermc_ecumenical_altar_mp_urbaneastern,
          portal_sewer_entry_e, uniq_robin, uniq_sigmund
D:4:      layout_basic, mainiacjoe_overflow_alcove_1, minmay_temple_entry_hall
D:5:      layout_cave_pools
D:6:      layout_basic, nicolae_overflow_hidden_temple
D:7:      layout_loops_cross, gammafunk_ghost_hive, uniq_joseph
Temple:   regret_index_temple_generic_petals

Skill      XL: |  1  2  3  4  5  6  7  8 |
---------------+-------------------------+-----
Stealth        | 3 4 5 6 |  6.0
Conjurations   | 5 6 7 8 |  8.1
Spellcasting   | 3 4 5 |  5.8
Dodging        | 3 |  3.9

Action                   |  1- 3 |  4- 6 |  7- 9 || total
-------------------------+-------+-------+-------++-------
Melee: Unarmed           |     2 |       |       ||     2
       Tentacles         |     1 |       |     2 ||     3
       Constrict         |     1 |       |     1 ||     2
       Dagger            |       |     2 |     8 ||    10
Throw: Dart              |       |     2 |       ||     2
 Cast: Magic Dart        |    57 |    38 |       ||    95
       Searing Ray       |     8 |    23 |    45 ||    76
       Iskenderun's Myst |       |       |     3 ||     3
Evoke: Wand              |       |     4 |       ||     4
  Use: Scroll            |       |     7 |     5 ||    12
       Potion            |       |       |     1 ||     1
Armor: Skin              |       |     2 |     3 ||     5
Dodge: Dodged            |     3 |    19 |    42 ||    64

Table legend: (Time is in decaauts)
 A = Elapsed time spent in this place.
 B = Non-inter-level travel time spent in this place.
 C = Inter-level travel time spent in this place.
 D = Time resting spent in this place.
 E = Time spent auto-exploring this place.
 F = Levels seen in this place.
 G = Mean time per level.
                   A        B        C        D        E       F      G
               +--------+--------+--------+--------+--------+-----+--------+
         Total |  11112 |  10750 |    362 |   4452 |   5085 |   8 | 1389.0 |
       Dungeon |  10868 |  10527 |    341 |   4452 |   4913 |   7 | 1552.6 |
        Temple |    243 |    222 |     21 |      0 |    172 |   1 |  243.0 |
               +--------+--------+--------+--------+--------+-----+--------+

Top non-repeatable levels by time:
     D:6: 3852 daAuts
     D:4: 1661 daAuts
     D:3: 1615 daAuts
     D:5: 1301 daAuts
     D:1: 1189 daAuts
     D:2: 1085 daAuts
  Temple: 243 daAuts
     D:7: 163 daAuts
